 Dungeon Crawl Stone Soup version 0.27-a0-1359-ga2a4dfd6fd (webtiles) character file.

Game seed: 757739423578714531

25 Klosterheim the Magician (level 2, 0/19 HPs)
             Began as a Demonspawn Hedge Wizard on June 29, 2021.
             Succumbed to an adder's poison
             ... on level 2 of the Dungeon.
             The game lasted 00:02:57 (1842 turns).

Klosterheim the Magician (Demonspawn Hedge Wizard)  Turns: 1842, Time: 00:02:57

Health: 0/19       AC:  2    Str: 10    XL:     2   Next: 86%
Magic:  1/6        EV: 12    Int: 15    God:
Gold:   73         SH:  0    Dex: 12    Spells: 6/7 levels left

rFire    . . .     SeeInvis .     - Unarmed
rCold    . . .     Faith    .   (no shield)
rNeg     . . .     Spirit   .   b - +0 robe
rPois    .         Reflect  .   c - +0 hat
rElec    .         Harm     .   (no cloak)
rCorr    .         Rampage  .   (no gloves)
Will     .....                  (no boots)
Stlth    ++........             (no amulet)
HPRegen  0.06/turn              (no ring)
MPRegen  0.10/turn              (no ring)

@: lethally poisoned (0 -> -6)
A: claws 1
a: no special abilities


You were on level 2 of the Dungeon.
You visited 1 branch of the dungeon, and saw 2 of its levels.

You collected 73 gold pieces.

Inventory:

Armour
 b - a +0 robe (worn)
 c - a +0 hat (worn)
Scrolls
 d - a scroll of fear {unknown}
Potions
 a - a potion of flight {unknown}
 e - a potion of mutation {unknown}


   Skills:
 - Level 2.0 Dodging
 - Level 2.0 Stealth
 + Level 1.2 Unarmed Combat
 - Level 3.0 Spellcasting
 - Level 2.0 Conjurations
 - Level 1.0 Summonings
 - Level 1.0 Translocations


You had 6 spell levels left.
You knew the following spells:

 Your Spells              Type           Power      Damage    Failure   Level
a - Magic Dart            Conj           32%        1d4       9%          1

Your spell library contained the following spells:

 Spells                   Type           Power      Damage    Failure   Level
 Blink                    Tloc           N/A        N/A       21%         2
 Call Imp                 Summ           5%         N/A       21%         2
 Slow                     Hex            2%         N/A       30%         2
 Conjure Flame            Conj/Fire      5%         6-21      36%         3
 Gell's Gravitas          Tloc           2%         N/A       36%         3
 Mephitic Cloud           Conj/Pois/Air  4%         N/A       43%         3
 Confusing Touch          Hex            2%         N/A       52%         3
 Petrify                  Tmut/Erth      2%         N/A       89%         4
 Metabolic Englaciation   Hex/Ice        1%         N/A       99%         5
 Yara's Violent Unravell  Hex/Tmut       1%         3d3       99%         5


Dungeon Overview and Level Annotations

Branches:
Dungeon (2/15)

Altars:


Innate Abilities, Weirdness & Mutations

You have sharp fingernails.


Message History

You feel sick. The adder closely misses you.
Casting: Magic Dart (safe; 9% risk of failure)
Confirm with . or Enter, or press ? or * to list all spells.
Aiming: Magic Dart (safe; 9% risk of failure)
Press: ? - help, Shift-Dir - straight line, f/p - adder
Aim: an adder (heavily wounded, 100% to hit)
The magic dart hits the adder but does no damage.
The adder is heavily wounded.
You feel sick. The adder closely misses you.
Casting: Magic Dart (safe; 9% risk of failure)
Confirm with . or Enter, or press ? or * to list all spells.
Aiming: Magic Dart (safe; 9% risk of failure)
Press: ? - help, Shift-Dir - straight line, f/p - adder
Aim: an adder (heavily wounded, 100% to hit)
The magic dart hits the adder.
The adder is heavily wounded.
You feel sick. The adder barely misses you.
You closely miss the adder.
The adder is heavily wounded.
You feel sick. The adder barely misses you. The adder bites you.
* * * LOW HITPOINT WARNING * * *
You are too injured to fight recklessly!
You are too injured to fight recklessly!
You scratch the adder but do no damage.
The adder is heavily wounded.
You feel sick.
You are no longer poisoned.
The adder barely misses you.
You closely miss the adder.
The adder is heavily wounded.
The adder barely misses you.
You miss the adder.
The adder is heavily wounded.
The adder barely misses you. The adder bites you.
* * * LOW HITPOINT WARNING * * *
You are lethally poisoned!
The adder poisons you!
You barely miss the adder.
The adder is heavily wounded.
You die...

# .## ....
....
#####..#.##
#..@.......
#.#S##..#.#
# #.. #
##.# .# .#
.. .#


You could see an adder.

Vanquished Creatures
  A dart slug (D:1)
  An endoplasm (D:1)
  A goblin (D:1)
  A hobgoblin (D:1)
  2 jackals (D:1)
  A quokka (D:1)
  2 ball pythons (D:1)
  2 bats (D:1)
  A frilled lizard (D:1)
  3 kobolds (D:1)
  10 rats (D:1)
25 creatures vanquished.

Notes
Turn   | Place    | Note
-------+----------+-------------------------------------------
     0 | D:1      | Klosterheim the Demonspawn Hedge Wizard began the quest for
                  | the Orb.
     0 | D:1      | Reached XP level 1. HP: 13/13 MP: 4/4
   113 | D:1      | Reached skill level 1 in Translocations
   588 | D:1      | Gained mutation: You have sharp fingernails. [demonic
                  | ancestry]
   588 | D:1      | Reached XP level 2. HP: 19/19 MP: 0/6
  1479 | D:1      | Reached skill level 1 in Unarmed Combat
  1842 | D:2      | Succumbed to an adder's poison

Illustrated notes

Levels and vault maps discovered:
D:1:      dpeg_arrival_shrine, layout_basic, minmay_rat_gold_closets
D:2:      layout_basic, chequers_ecumenical_altar_simple, minmay_misc_feat_iff

Skill      XL: |  1  2 |
---------------+-------+-----
Translocations | 1 |  1.0
Stealth        | 2 |  2.0
Dodging        | 2 |  2.0
Conjurations   | 2 |  2.0
Unarmed Combat | 1 |  1.2
Spellcasting   | |  3.0
Summonings     | |  1.0

Action                   || total
-------------------------++-------
Melee: Dagger            ||    18
       Unarmed           ||    40
 Cast: Magic Dart        ||    45
 Stab: Sleeping          ||     4
Armor: Robe              ||    15
Dodge: Dodged            ||    54

Table legend: (Time is in decaauts)
 A = Elapsed time spent in this place.
 B = Non-inter-level travel time spent in this place.
 C = Inter-level travel time spent in this place.
 D = Time resting spent in this place.
 E = Time spent auto-exploring this place.
 F = Levels seen in this place.
 G = Mean time per level.
                   A        B        C        D        E       F      G
               +--------+--------+--------+--------+--------+-----+--------+
         Total |   1842 |   1833 |      9 |    966 |    688 |   2 |  921.0 |
       Dungeon |   1842 |   1833 |      9 |    966 |    688 |   2 |  921.0 |
               +--------+--------+--------+--------+--------+-----+--------+

Top non-repeatable levels by time:
     D:1: 1832 daAuts
     D:2: 10 daAuts
